 Dungeon Crawl Stone Soup version 0.29-a0-1009-g60c99734e7 (webtiles) character file.

Game seed: 14902869242943727802

247 Newt the Shooter (level 5, 0/29 HPs)
             Began as a Deep Elf Arcane Marksman on Aug 8, 2022.
             Succumbed to gdog's ghost's poison
             ... on level 3 of the Dungeon.
             The game lasted 00:06:42 (2751 turns).

Newt the Shooter (Deep Elf Arcane Marksman)         Turns: 2751, Time: 00:06:43

Health: 0/29       AC:  7    Str:  9    XL:     5   Next: 85%
Magic:  9/9        EV: 12    Int: 18    God:
Gold:   119        SH:  0    Dex: 15    Spells: 6/7 levels left

rFire   . . .      SeeInvis .   a - +2 sling (venom)
rCold   . . .      Faith    .   (no shield)
rNeg    . . .      Spirit   .   c - +1 robe
rPois   .          Reflect  .   (no helmet)
rElec   .          Harm     .   (no cloak)
rCorr   .          Rampage  .   (no gloves)
Will    +....                   (no boots)
Stlth   ++........              (no amulet)
HPRegen 0.09/turn               h - ring of willpower
MPRegen 0.11/turn               k - +4 ring of protection

@: lethally poisoned (0 -> -24)
A: no striking features
a: no special abilities


You were on level 3 of the Dungeon.
You visited 1 branch of the dungeon, and saw 4 of its levels.

You collected 119 gold pieces.

Inventory:

Hand Weapons
 a - a +2 sling of venom (weapon)
Armour
 c - a +1 robe (worn)
Jewellery
 d - a ring of protection from cold
 h - a ring of willpower (left hand)
 i - a ring of willpower
 k - a +4 ring of protection (right hand)
 l - a ring of poison resistance
Scrolls
 b - 2 scrolls of poison


   Skills:
 + Level 1.5 Fighting
 + Level 7.3 Ranged Weapons
 - Level 2.4 Dodging
 - Level 1.0 Stealth
 + Level 1.7 Spellcasting
 + Level 4.5 Hexes


You had 6 spell levels left.
You knew the following spells:

 Your Spells              Type           Power      Damage    Failure   Level
a - Slow                  Hex            72%        N/A       2%          1

Your spell library contained the following spells:

 Spells                   Type           Power      Damage    Failure   Level
 Inner Flame              Hex/Fire       9%         N/A       22%         3
 Portal Projectile        Hex/Tloc       18%        N/A       22%         3
 Cause Fear               Hex            9%         N/A       28%         4
 Ozocubu's Armour         Ice            1%         N/A       50%         3
 Metabolic Englaciation   Hex/Ice        4%         N/A       90%         5
 Simulacrum               Ice/Necr       0%         N/A       100%        6


Dungeon Overview and Level Annotations

Branches:
Dungeon (4/15)
 Temple: D:4-7

Altars:

Shops:
D:2 [

Annotations:
D:3 gdog's ghost, amateur GnDe


Message History

Okay, then.
You feel better. Gdog's ghost stares at you. Gdog's ghost hits you!
* * * LOW HITPOINT WARNING * * *
You are lethally poisoned!
You feel better. Gdog's ghost hits you!
* * * LOW HITPOINT WARNING * * *
You are lethally poisoned!
The orc is engulfed in poison gas.
The orc is poisoned.
It was a potion of heal wounds.
You feel much better.
You feel sick. Gdog's ghost barely misses you.
The orc is engulfed in poison gas.
The orc looks even sicker.
You kill the orc!
It was a potion of haste.
You feel yourself speed up.
You feel sick. Gdog's ghost completely misses you.
You shoot a sling bullet. The sling bullet hits gdog's ghost.
Gdog's ghost is moderately damaged.
You feel sick. Gdog's ghost hits you!
You feel much better.
You feel sick. Gdog's ghost hits you!
You are lethally poisoned!
You shoot a sling bullet. The sling bullet hits gdog's ghost.
Gdog's ghost is moderately damaged.
You feel very sick.
You shoot a sling bullet.
The sling bullet closely misses gdog's ghost.
You feel very sick. Gdog's ghost hits you.
* * * LOW HITPOINT WARNING * * *
You are more poisoned.
It was a potion of magic.
Magic courses through your body.
* * * LOW HITPOINT WARNING * * *
You feel very sick. Gdog's ghost misses you.
You are too injured to fight recklessly!
It was a potion of cancellation.
Your magical effects are unravelling.
You feel magically purged.
You feel yourself slow down.
You die...

### ### #.#############.#
#...............#
#.#############.# #.# #)#
##§#### #.# #..°.○##########.#
#§☼§○○○.@W○§☼°.§.#
######°☼°○°#####.§☼°###
#>.....°°.........°○..##
#.#######.######..W.#..# ##
#.# #.# #...o##.# #.
#.#######.######....o..######.
#............)................
#########.#########.....######
#.....................


You could see gdog's ghost.

Vanquished Creatures
  2 hounds (D:4)
  An orc priest (D:4)
  Terence (D:3)
  3 gnolls (D:3)
  An adder (D:4)
  2 worms (D:3)
  A dart slug (D:2)
  10 orcs
  8 endoplasms
  8 giant cockroaches
  5 hobgoblins
  2 jackals (D:1)
  2 quokkas (D:2)
  6 ball pythons
  5 bats
  6 frilled lizards
  4 goblins
  3 kobolds
  9 rats
79 creatures vanquished.

Notes
Turn   | Place    | Note
-------+----------+-------------------------------------------
     0 | D:1      | Newt the Deep Elf Arcane Marksman began the quest for the
                  | Orb.
     0 | D:1      | Reached XP level 1. HP: 11/11 MP: 5/5
    94 | D:1      | Reached skill level 3 in Ranged Weapons
   359 | D:1      | Reached XP level 2. HP: 5/16 MP: 4/6
  1032 | D:2      | Reached skill level 1 in Stealth
  1033 | D:2      | Reached XP level 3. HP: 20/20 MP: 7/7
  1047 | D:2      | Reached skill level 4 in Ranged Weapons
  1081 | D:2      | Found Ysutue's Armour Boutique.
  1632 | D:3      | Noticed Terence
  1659 | D:3      | Killed Terence
  1660 | D:3      | Reached skill level 1 in Fighting
  1660 | D:3      | Reached skill level 5 in Ranged Weapons
  1660 | D:3      | Reached XP level 4. HP: 25/25 MP: 8/8
  1840 | D:3      | Found a runed translucent gate.
  1840 | D:3      | Found a runed translucent gate.
  1841 | D:3      | Found a runed translucent gate.
  1842 | D:3      | Identified the +0 mace of the Onslaught {vorpal, rC+ Will+}
  1842 | D:3      | Identified the +0 chain mail of Tempters {Rampage +Inv rF-}
  1846 | D:3      | Noticed gdog's ghost (amateur GnDe)
  1916 | D:3      | Reached skill level 6 in Ranged Weapons
  1936 | D:3      | You fall into a shaft and drop 1 floor!
  1948 | D:4      | Reached XP level 5. HP: 8/29 MP: 9/9
  2260 | D:4      | Reached skill level 7 in Ranged Weapons
  2751 | D:3      | Succumbed to gdog's ghost's poison

Illustrated notes

Levels and vault maps discovered:
D:1:      amcnicky_arrival_flooded_fountain, layout_basic,
          chequers_serial_rivers_micro_c
D:2:      layout_basic, serial_shops, nicolae_square_shop, st_stairs_13
D:3:      layout_basic, biasface_ghost_orc_armoury, uniq_terence
D:4:      layout_cave_pods, zin_academy, grunt_ministairs_7, minivault_23

Skill      XL: |  1  2  3  4  5 |
---------------+----------------+-----
Ranged Weapons | 3 5 6 7 |  7.3
Stealth        | 1 |  1.0
Fighting       | 1 |  1.5
Dodging        | |  2.4
Spellcasting   | |  1.7
Hexes          | |  4.5

Action                   |  1- 3 |  4- 6 || total
-------------------------+-------+-------++-------
 Fire: Sling             |   104 |    98 ||   202
 Cast: Slow              |     3 |     3 ||     6
  Use: Scroll            |     6 |     3 ||     9
       Potion            |       |     9 ||     9
Armor: Robe              |     1 |    19 ||    20
Dodge: Dodged            |    13 |    31 ||    44

Table legend: (Time is in decaauts)
 A = Elapsed time spent in this place.
 B = Non-inter-level travel time spent in this place.
 C = Inter-level travel time spent in this place.
 D = Time resting spent in this place.
 E = Time spent auto-exploring this place.
 F = Levels seen in this place.
 G = Mean time per level.
                   A        B        C        D        E       F      G
               +--------+--------+--------+--------+--------+-----+--------+
         Total |   2777 |   2673 |    104 |    226 |   2015 |   4 |  694.2 |
       Dungeon |   2777 |   2673 |    104 |    226 |   2015 |   4 |  694.2 |
               +--------+--------+--------+--------+--------+-----+--------+

Top non-repeatable levels by time:
     D:1: 948 daAuts
     D:3: 856 daAuts
     D:2: 640 daAuts
     D:4: 332 daAuts
